 Dungeon Crawl Stone Soup version 0.29.0-4-gdea44cf6ec (webtiles) character file.

Game seed: 7947817265690770986

524 qw the Chopper (level 7, -2/41 HPs)
             Began as a Tengu Warper on Aug 28, 2022.
             Succumbed to a gnoll's poison
             ... on level 4 of the Dungeon.
             The game lasted 00:00:25 (4126 turns).

qw the Chopper (Tengu Warper)                       Turns: 4126, Time: 00:00:26

Health: -2/41      AC: 14    Str: 13    XL:     7   Next: 22%
Magic:  11/11      EV:  7    Int: 14    God:
Gold:   193        SH:  0    Dex: 13    Spells: 10/10 levels left

rFire   . . .      SeeInvis .   Y - +1 hand axe
rCold   . . .      Faith    .   (no shield)
rNeg    . . .      Spirit   .   b - +0 chain mail
rPois   .          Reflect  .   (helmet restricted)
rElec   .          Harm     .   f - +0 cloak
rCorr   .          Rampage  .   (no gloves)
Will    .....                   (boots unavailable)
Stlth   ..........              (no amulet)
HPRegen 0.13/turn               i - +4 ring of protection
MPRegen 0.12/turn               (no ring)

@: lethally poisoned (-2 -> -18), about to teleport, flying quickly and
evasively, quick
A: beak, talons 3, nimble flight
a: no special abilities


You were on level 4 of the Dungeon.
You visited 1 branch of the dungeon, and saw 4 of its levels.
You also visited: Ossuary.

You collected 193 gold pieces.


Innate Abilities, Weirdness & Mutations

You have a beak for a mouth.
You have claws for feet.
Your magical nature lets you fly swiftly and evasively.


   Skills:
 - Level 3.1 Fighting
 + Level 7.5 Axes
 - Level 1.0 Throwing
 - Level 2.7 Armour
 - Level 2.1 Dodging
 - Level 2.0 Spellcasting
 - Level 2.4 Translocations


You had 10 spell levels left.
You didn't know any spells.
Your spell library contained the following spells:

 Spells                   Type           Power      Damage    Failure   Level
 Blink                    Tloc           16%        N/A       99%         2
 Gell's Gravitas          Tloc           8%         N/A       100%        3
 Lesser Beckoning         Tloc           8%         N/A       100%        3
 Teleport Other           Tloc           8%         N/A       100%        3
 Manifold Assault         Tloc           8%         N/A       100%        5

Inventory:

Hand Weapons
 d - a +0 whip
 Y - a +1 hand axe (weapon)
Armour
 b - a +0 chain mail (worn)
 f - a +0 cloak (worn)
Jewellery
 a - a ring of ice
 i - a +4 ring of protection (left hand)
Scrolls
 g - a scroll of identify
Potions
 c - a potion of degeneration {unknown}
 e - a potion of cancellation {unknown}
 h - a potion of curing {unknown}
 l - a potion of might
 m - a potion of berserk rage {unknown}
 n - a potion of brilliance {unknown}

Dungeon Overview and Level Annotations

Branches:
Dungeon (4/15)            Ossuary (visited)
 Temple: D:4-7

Altars:

Annotations:
D:1 1 transporter
D:4 Grinder


Message History

The gnoll hits you with a +0 flail of venom.
You are poisoned.
The gnoll barely misses you. The gnoll hits you but does no damage.
You completely miss the gnoll. You peck the gnoll.
The gnoll is heavily wounded.
You hit the gnoll but do no damage.
You feel sick. The gnoll barely misses you. x3
You hit the gnoll. You peck the gnoll, but do no damage.
The gnoll is severely wounded.
You hit the gnoll but do no damage.
You feel sick. The gnoll hits you but does no damage.
You are lethally poisoned!
The gnoll closely misses you. The gnoll hits you with a +0 whip.
4122 ||| READING scroll of teleportation.
As you read the scroll of teleportation, it crumbles to dust.
You feel strangely unstable.
You feel very sick.
Grinder blinks!
The gnoll barely misses you.
The gnoll hits you but does no damage. x2
4123 ||| DRINKING potion of heal wounds.
You feel much better.
You feel very sick.
The gnoll barely misses you. x2; The gnoll hits you but does no damage.
You barely miss the gnoll. Your kick misses the gnoll.
The gnoll is severely wounded.
You hit the gnoll.
You feel sick.
The gnoll hits you with a +0 flail of venom.
You are more poisoned.
The gnoll closely misses you. The gnoll hits you but does no damage.
You hit the gnoll. You claw the gnoll.
The gnoll is almost dead.
You hit the gnoll.
You feel very sick.
The gnoll hits you with a +0 flail of venom.
The gnoll hits you but does no damage. The gnoll closely misses you.
You completely miss the gnoll.
The gnoll is almost dead.
You hit the gnoll.
You die...

.. ... ..# ... #.#
... .### #.# #.#
...# #.#5#
#.###..######
#(gg###.#.........#
#@##.#.........#
#)#g#.#.........#
##.#[.#.........#
##[.#..........#
..........%<.....#
##################


You could see Grinder and 3 gnolls.

Vanquished Creatures
  5 water moccasin zombies (Ossuary)
  An orc priest (D:3)
  A hound (D:4)
  Terence (D:3)
  2 mummies (Ossuary)
  A gnoll (D:4)
  An adder (D:3)
  An ufetubus (D:4)
  3 adder zombies (Ossuary)
  4 worms
  3 orcs
  6 ball pythons
  9 endoplasms
  4 giant cockroaches
  2 gnoll zombies (Ossuary)
  9 goblins
  8 hobgoblins
  2 quokkas
  2 bats
  6 frilled lizards
  7 hobgoblin zombies (Ossuary)
  10 kobolds
  6 kobold zombies (Ossuary)
  2 orc zombies (Ossuary)
  5 rats
101 creatures vanquished.

Vanquished Creatures (others)
  2 plants (D:4)
2 creatures vanquished.

Grand Total: 103 creatures vanquished

Notes
Turn   | Place    | Note
-------+----------+-------------------------------------------
     0 | D:1      | qw the Tengu Warper began the quest for the Orb.
     0 | D:1      | Reached XP level 1. HP: 12/12 MP: 4/4
     0 | D:1      | 0 ||| qw: Version: 0.1-a-89-g26bdef1
     0 | D:1      | 0 ||| qw: Game counter: 87
     0 | D:1      | 0 ||| qw: Always use a shield: true
     0 | D:1      | 0 ||| qw: God list: Okawaru
     0 | D:1      | 0 ||| qw: Allow faded altars: false
     0 | D:1      | 0 ||| qw: Do Orc after D:15 true
     0 | D:1      | 0 ||| qw: Do second Lair branch before Depths: true
     0 | D:1      | 0 ||| qw: Lair rune preference: random
     0 | D:1      | 0 ||| qw: Plans: Normal
     0 | D:1      | 0 ||| PLANNING D:1-11
   111 | D:1      | Reached XP level 2. HP: 17/17 MP: 6/6
   115 | D:1      | 115 ||| Stepping ~*~*~tactically~*~*~ (stealth).
   119 | D:1      | Reached skill level 3 in Axes
   131 | D:1      | 131 ||| Stepping ~*~*~tactically~*~*~ (stealth).
   186 | D:1      | Found a faded altar of an unknown god.
   485 | D:1      | 485 ||| Stepping ~*~*~tactically~*~*~ (stealth).
   489 | D:1      | 489 ||| Stepping ~*~*~tactically~*~*~ (stealth).
   498 | D:1      | Reached XP level 3. HP: 21/21 MP: 7/7
   608 | D:1      | 608 ||| Stepping ~*~*~tactically~*~*~ (stealth).
   630 | D:1      | 630 ||| Stepping ~*~*~tactically~*~*~ (stealth).
   651 | D:1      | Reached skill level 4 in Axes
   981 | D:1      | 981 ||| READING scroll labelled RAKHLE TOUBUXOSU.
   982 | D:1      | 982 ||| READING scroll labelled NOESEWN VOAGH.
   983 | D:1      | 983 ||| READING scroll labelled ZANLUWKO ROUW.
   984 | D:1      | 984 ||| READING scroll labelled WOYVAOCH HAEKE.
   985 | D:1      | 985 ||| DRINKING 2 fizzy dark potions.
  1023 | D:1      | 1023 ||| DROPPING scroll of blinking.
  1024 | D:1      | 1024 ||| DROPPING potion of lignification.
  1150 | D:2      | 1150 ||| Stepping ~*~*~tactically~*~*~ (stealth).
  1268 | D:2      | Identified the +2 leather armour "Kusimp" {Int+3 Slay+3}
  1366 | D:2      | 1366 ||| Stepping ~*~*~tactically~*~*~ (stealth).
  1368 | D:2      | 1368 ||| Stepping ~*~*~tactically~*~*~ (stealth).
  1370 | D:2      | 1370 ||| Stepping ~*~*~tactically~*~*~ (stealth).
  1695 | D:2      | Reached XP level 4. HP: 26/26 MP: 8/8
  2242 | D:2      | 2242 ||| UPGRADING to +2 leather armour "Kusimp" {Int+3
                  | Slay+3}.
  2252 | D:2      | 2252 ||| DROPPING +0 leather armour.
  2253 | D:2      | 2253 ||| UPGRADING to +0 cloak.
  2258 | D:2      | 2258 ||| READING 2 scrolls labelled OCELLEWK ZURRI.
  2317 | D:3      | 2317 ||| Stepping ~*~*~tactically~*~*~ (hiding).
  2329 | D:3      | Reached skill level 5 in Axes
  2357 | D:3      | 2357 ||| FLEEEEING.
  2359 | D:3      | 2359 ||| FLEEEEING.
  2360 | D:3      | 2360 ||| FLEEEEING.
  2361 | D:3      | 2361 ||| FLEEEEING.
  2362 | D:3      | 2362 ||| FLEEEEING.
  2365 | D:3      | 2365 ||| STAIRDANCE
  2533 | D:2      | 2533 ||| READING scroll labelled PENOSMONUL.
  2638 | D:3      | Noticed Terence
  2647 | D:3      | Killed Terence
  2648 | D:3      | Gained mutation: Your magical nature lets you fly swiftly
                  | and evasively. [Tengu growth]
  2648 | D:3      | Reached XP level 5. HP: 30/30 MP: 9/9
  2678 | D:3      | You are sucked into a shaft and drop 1 floor!
  2679 | D:4      | 2679 ||| PLANNING OSSUARY
  2679 | D:4      | Found a sand-covered staircase.
  2682 | D:4      | 2682 ||| UPGRADING to +0 chain mail.
  2692 | D:4      | 2692 ||| DROPPING +2 leather armour "Kusimp" {Int+3
                  | Slay+3}.
  2700 | Ossuary  | Entered an ossuary
  2906 | Ossuary  | Reached skill level 6 in Axes
  2906 | Ossuary  | Reached XP level 6. HP: 33/35 MP: 10/10
  2969 | Ossuary  | Reached skill level 7 in Axes
  3159 | Ossuary  | Reached XP level 7. HP: 38/40 MP: 11/11
  3194 | Ossuary  | HP: 8/40 [mummy (11)]
  3195 | Ossuary  | Reached skill level 3 in Fighting
  3474 | Ossuary  | 3474 ||| READING scroll labelled QITRAK WIFIUN.
  3475 | Ossuary  | 3475 ||| READING scroll labelled ZIYN GOTOIM.
  3476 | Ossuary  | 3476 ||| DRINKING 2 sedimented green potions.
  3477 | Ossuary  | 3477 ||| DRINKING 2 glowing amethyst potions.
  3478 | Ossuary  | 3478 ||| DRINKING 2 green potions.
  3479 | Ossuary  | 3479 ||| DROPPING potion of flight.
  3480 | Ossuary  | 3480 ||| Stepping randomly (stuck).
  3481 | Ossuary  | 3481 ||| Stepping ~*~*~tactically~*~*~ (cloud).
  3626 | D:4      | 3626 ||| PLANNING D:1-11
  3639 | D:3      | 3639 ||| Stepping ~*~*~tactically~*~*~ (stealth).
  4077 | D:3      | 4077 ||| UPGRADING to +4 ring of protection.
  4078 | D:3      | 4078 ||| READING scroll labelled NUBBEV IF UWK.
  4117 | D:4      | Noticed Grinder
  4121 | D:4      | HP: 8/41 [gnoll/+0 whip (5)]
  4122 | D:4      | 4122 ||| READING scroll of teleportation.
  4123 | D:4      | 4123 ||| DRINKING potion of heal wounds.
  4125 | D:4      | HP: 2/41 [gnoll/+0 flail of venom (2)]
  4126 | D:4      | Succumbed to a gnoll's poison

Levels and vault maps discovered:
D:1:      spicycebolla_arrival_risky_transporter, layout_basic,
          shapermc_ecumenical_altar_starsandcircs
D:2:      layout_loops_corners, minmay_misc_feat_five
D:3:      layout_loops_ring, uniq_terence
D:4:      layout_rooms, mainiacjoe_overflow_six_doors_small,
          minmay_temple_entry_glassed_door, enter_ossuary_1,
          serial_bayou_pond_c, hex_medium, chequers_jeans, minmay_circle_x,
          uniq_grinder

Skill      XL: |  1  2  3  4  5  6  7 |
---------------+----------------------+-----
Axes           | 3 4 5 6 7 |  7.5
Armour         | 2 |  2.7
Fighting       | 3 |  3.1
Throwing       | |  1.0
Dodging        | |  2.1
Spellcasting   | |  2.0
Translocations | |  2.4

Action                   |  1- 3 |  4- 6 |  7- 9 || total
-------------------------+-------+-------+-------++-------
Melee: Hand axe          |    97 |   120 |    61 ||   278
       Kick              |    25 |    32 |    14 ||    71
       Peck              |    12 |    22 |     9 ||    43
       Punch             |       |     2 |     3 ||     5
Throw: Boomerang         |     7 |       |       ||     7
  Use: Scroll            |     4 |     2 |     4 ||    10
       Potion            |     1 |       |     4 ||     5
Armor: Leather armour    |    16 |     5 |       ||    21
       Chain mail        |       |    40 |    33 ||    73
Dodge: Dodged            |    44 |    34 |    31 ||   109

Table legend:
 A = Non-vault XP
 B = Vault XP
 C = Vault XP percentage of total XP
 D = Non-vault monster count
 E = Vault monster count
 F = Vault count percentage of total count
                 A         B        C        D         E       F
            +---------+---------+-------+---------+---------+-------
      Total |     190 |     559 |  74.6 |      67 |      34 |  33.7
            +---------+---------+-------+---------+---------+-------
        D:1 |      50 |       0 |   0.0 |      30 |       0 |   0.0
        D:2 |      44 |       0 |   0.0 |      21 |       0 |   0.0
        D:3 |      79 |      36 |  31.3 |      14 |       1 |   6.7
        D:4 |      17 |      60 |  77.9 |       2 |       6 |  75.0
    Ossuary |       0 |     463 | 100.0 |       0 |      27 | 100.0
            +---------+---------+-------+---------+---------+-------
